 Dungeon Crawl Stone Soup version 0.28-a0-1080-g05a166d0ed (webtiles) character file.

Game seed: 17282245146148263477

429 fragbeetle the Cudgeller (level 6, -5/59 HPs)
             Began as a Troll Warper on Dec 10, 2021.
             Slain by an ogre (22 damage)
             ... on level 5 of the Dungeon.
             The game lasted 00:09:20 (2370 turns).

fragbeetle the Cudgeller (Troll Warper)             Turns: 2370, Time: 00:09:20

Health: -5/59      AC:  5    Str: 20    XL:     6   Next: 66%
Magic:  8/8        EV: 10    Int: 11    God:
Gold:   89         SH:  0    Dex:  9    Spells: 6/9 levels left

rFire   . . .      SeeInvis .   t - +0 giant spiked club
rCold   . . .      Faith    .   (shield currently unavailable)
rNeg    . . .      Spirit   .   b - +0 robe
rPois   .          Reflect  .   (helmet restricted)
rElec   .          Harm     .   s - +0 cloak
rCorr   .          Rampage  .   (gloves unavailable)
Will    +....                   (boots unavailable)
Stlth   +.........              (no amulet)
HPRegen 0.99/turn               l - +4 ring of slaying
MPRegen 0.11/turn               q - ring of willpower

@: no status effects
A: large, unfitting armour, claws 3, regeneration 1, shaggy fur 1, tough skin 1
a: no special abilities


You were on level 5 of the Dungeon.
You visited 1 branch of the dungeon, and saw 5 of its levels.

You collected 89 gold pieces.

Inventory:

Hand Weapons
 a - a +2 quarterstaff of chaos
 o - the +7 Singing Sword {vorpal, sonic wave}
   (You found it on level 5 of the Dungeon)

   It inflicts extra damage upon your enemies.
   It radiates damaging sonic waves as it strikes, especially in combat
   involving dangerous or numerous foes.
 r - a +2 mace of protection
 t - a +0 giant spiked club (weapon)
Missiles
 d - 5 boomerangs of dispersal (quivered)
 h - 3 boomerangs
Armour
 b - a +0 robe (worn)
 s - a +0 cloak (worn)
Jewellery
 l - a +4 ring of slaying (left claw)
 q - a ring of willpower (right claw)
Scrolls
 c - a scroll of blinking
 e - 2 scrolls of identify
 f - a scroll of silence {unknown}
 g - a scroll of enchant armour {unknown}
 i - a scroll of fear {unknown}
 k - a scroll of torment {unknown}
Potions
 j - a potion of degeneration
 m - a potion of ambrosia
 n - a potion of flight
 p - a potion of lignification
 u - 2 potions of curing {unknown}


   Skills:
 + Level 2.4 Fighting
 + Level 0.4 Long Blades
 + Level 3.9 Maces & Flails
 + Level 0.8 Throwing
 + Level 2.7 Dodging
 - Level 0.2 Stealth
 * Level 2.1 Spellcasting
 * Level 3.3 Translocations


You had 6 spell levels left.
You knew the following spells:

 Your Spells              Type           Power      Damage    Failure   Level
a - Blink                 Tloc           16%        N/A       11%         2
b - Magic Dart            Conj           4%         1d3       28%         1

Your spell library contained the following spells:

 Spells                   Type           Power      Damage    Failure   Level
 Gell's Gravitas          Tloc           8%         N/A       22%         3
 Lesser Beckoning         Tloc           8%         N/A       22%         3
 Teleport Other           Tloc           8%         N/A       22%         3
 Searing Ray              Conj           2%         2d4       41%         2
 Manifold Assault         Tloc           8%         N/A       90%         5
 Fulminant Prism          Conj/Hex       0%         3d6       96%         4


Dungeon Overview and Level Annotations

Branches:
Dungeon (5/15)
 Temple: D:4-7

Altars:
Elyvilon

Shops:
D:1 ?


Innate Abilities, Weirdness & Mutations

You are too large for most types of armour.
You have claws for hands.
Your natural rate of healing is unusually fast.
You are covered in fur. (AC +1)
You have tough skin. (AC +1)


Message History

You bludgeon the orc!!
You kill the orc!
Things that are here:
a +0 hand axe; an orc corpse An orc wizard is nearby!
Found a stone staircase leading up.
The orc wizard shouts!
The orc wizard casts a spell.
The orc wizard flickers and vanishes!
Deactivating autopickup; reactivate with Ctrl-A.
Things that are here:
a +0 hand axe; an orc corpse A puff of flame appears from out of thin air!
The puff of flame hits you!
Something tries to affect you, but you resist.
A magic dart appears from out of thin air!
The magic dart hits you!
An ogre comes into view. It is wielding a +0 giant club.
Found 19 stones.
The ogre shouts!
A puff of flame appears from out of thin air!
The puff of flame hits you.
Things that are here:
a +0 hand axe; an orc corpse You barely miss the ogre.
The ogre barely misses you. x2
You completely miss the ogre.
The ogre hits you with a +0 giant club!!
Ouch! That really hurt!
You closely miss the ogre. The ogre misses you.
You sock the ogre!
The ogre is heavily wounded.
The ogre hits you with a +0 giant club!
* * * LOW HITPOINT WARNING * * *
You barely miss the ogre.
The ogre is heavily wounded.
The ogre barely misses you.
You sock the ogre!
The ogre is almost dead.
The ogre hits you with a +0 giant club!!
You die...

...#.# #..#.
###..#. ....<.##
......# #. #..##.#
#.. ##..##.#
###.###...##.##
(........oO@..#
≈≈≈≈≈≈≈.#.##..#
......≈.#.##..#
#...≈≈≈§≈.≈.#.##..#
#.≈.≈..$≈.≈...##..#
#.≈..._.≈.≈.####..#
#.≈.≈...≈.≈.# #..#
#.≈.≈≈§§§.≈.# #..#
#.≈...§.§.≈.# ##..#


You could see an ogre and an orc wizard.

Vanquished Creatures
  A black bear (D:5)
  An ogre (D:5)
  A kobold brigand (D:5)
  Crazy Yiuf (D:3)
  A hound skeleton (D:5)
  2 adders (D:2)
  4 gnolls (D:4)
  2 ufetubi (D:5)
  A dart slug (D:3)
  7 orcs
  5 ball pythons
  2 endoplasms (D:2)
  7 giant cockroaches
  4 goblins
  7 hobgoblins
  4 quokkas
  A bat (D:1)
  3 frilled lizards
  11 kobolds
  5 rats
70 creatures vanquished.

Notes
Turn   | Place    | Note
-------+----------+-------------------------------------------
     0 | D:1      | fragbeetle the Troll Warper began the quest for the Orb.
     0 | D:1      | Reached XP level 1. HP: 19/19 MP: 1/1
   266 | D:1      | Reached XP level 2. HP: 26/28 MP: 2/2
   274 | D:1      | Learned a level 2 spell: Blink
   595 | D:1      | Found Ubuad's Magic Scroll Shop.
   958 | D:2      | Found a white marble altar of Elyvilon.
   990 | D:2      | Reached XP level 3. HP: 35/35 MP: 3/3
  1612 | D:3      | Learned a level 1 spell: Magic Dart
  1832 | D:3      | Reached XP level 4. HP: 42/42 MP: 5/5
  1968 | D:3      | Found a runed translucent door.
  1969 | D:3      | Noticed Crazy Yiuf
  1978 | D:3      | Killed Crazy Yiuf
  2087 | D:4      | Reached XP level 5. HP: 39/49 MP: 6/6
  2100 | D:4      | Noticed a black bear
  2114 | D:5      | Entered Level 5 of the Dungeon
  2163 | D:5      | Found the +7 Singing Sword {vorpal, sonic wave}
  2177 | D:5      | Noticed a black bear
  2182 | D:5      | Killed a black bear
  2183 | D:5      | Reached XP level 6. HP: 44/57 MP: 6/8
  2296 | D:5      | Found a white marble altar of Elyvilon.
  2370 | D:5      | Slain by an ogre

Illustrated notes

Levels and vault maps discovered:
D:1:      amcnicky_arrival_abandoned_market, layout_basic, serial_shops,
          nicolae_shop_statue_plus
D:2:      layout_basic, basic_altar
D:3:      layout_rooms, uniq_crazy_yiuf_cottage
D:4:      layout_basic, nicolae_hepliaklqana_monster_ancestors,
          eino_tiny_chamber
D:5:      layout_loops_ring, mainiacjoe_overflow_concentric_impassable,
          serial_shops, shop, hangedman_decor_lopped

Skill      XL: |  1  2  3  4  5 |
---------------+----------------+-----
Dodging        | 2 |  2.7
Maces & Flails | 2 3 |  3.9
Fighting       | 2 |  2.4
Translocations | 3 |  3.3
Spellcasting   | 2 |  2.1
Long Blades    | |  0.4
Throwing       | |  0.8
Stealth        | |  0.2

Action                   |  1- 3 |  4- 6 || total
-------------------------+-------+-------++-------
Melee: Mace              |   110 |    58 ||   168
       Double sword      |       |    14 ||    14
       Giant spiked club |       |    12 ||    12
 Cast: Magic Dart        |     6 |       ||     6
  Use: Scroll            |     2 |     3 ||     5
       Potion            |       |     2 ||     2
Armor: Robe              |    27 |    36 ||    63
Dodge: Dodged            |    75 |    66 ||   141

Table legend: (Time is in decaauts)
 A = Elapsed time spent in this place.
 B = Non-inter-level travel time spent in this place.
 C = Inter-level travel time spent in this place.
 D = Time resting spent in this place.
 E = Time spent auto-exploring this place.
 F = Levels seen in this place.
 G = Mean time per level.
                   A        B        C        D        E       F      G
               +--------+--------+--------+--------+--------+-----+--------+
         Total |   2444 |   2348 |     96 |     38 |   1484 |   5 |  488.8 |
       Dungeon |   2444 |   2348 |     96 |     38 |   1484 |   5 |  488.8 |
               +--------+--------+--------+--------+--------+-----+--------+

Top non-repeatable levels by time:
     D:2: 837 daAuts
     D:1: 777 daAuts
     D:3: 456 daAuts
     D:5: 287 daAuts
     D:4: 85 daAuts
